 Dungeon Crawl Stone Soup version 0.21.1-1-g345015f (webtiles) character file.

23158 HammerPanzer the Bludgeoner (level 12, -2/118 HPs)
             Began as a Minotaur Berserker on Mar 30, 2018.
             Was the Champion of Trog.
             Killed by divine providence
             ... invoked by a sphinx
              (13 damage)
             ... on level 12 of the Dungeon.
             The game lasted 00:39:21 (12455 turns).

HammerPanzer the Bludgeoner (Minotaur Berserker)   Turns: 12455, Time: 00:39:23

Health: -2/118     AC: 15    Str: 29    XL:     12   Next: 69%
Magic:  11/11      EV:  8    Int:  9    God:    Trog [******]
Gold:   1372       SH:  2    Dex:  7    Spells: 11/11 levels left

rFire    . . .     SeeInvis .   A - +10 morningstar of Forced Transition {elec, +Blink rElec Int+4}
rCold    + . .     Gourm    .   g - +0 buckler
rNeg     . . .     Faith    .   E - +2 chain mail {rPois}
rPois    +         Spirit   .   (helmet restricted)
rElec    +         Reflect  .   D - +2 cloak
rCorr    .         Harm     .   (no gloves)
MR       +....                  z - +0 pair of boots {run}
Stlth    ..........             L - amulet of regeneration
HPRegen  0.69/turn              y - ring of protection from magic
MPRegen  0.12/turn              o - ring of Amelioration {rPois rC+ Str+4 Dex-4 Stlth+}

@: about to teleport, barbed spikes, berserk cooldown, slowed, very slow
A: retaliatory headbutt, horns 2
a: Berserk, Trog's Hand, Brothers in Arms, Burn Spellbooks, Renounce Religion,
Evoke Blink


You were on level 12 of the Dungeon.
You worshipped Trog.
Trog was exalted by your worship.
You were hungry.

You visited 2 branches of the dungeon, and saw 14 of its levels.
You also visited: Ice Cave.

You collected 1372 gold pieces.

Inventory:

Hand Weapons
 A - the +10 morningstar of Forced Transition (weapon) {elec, +Blink rElec Int+4}
   (You found it on level 4 of the Dungeon)

   Occasionally, upon striking a foe, it will discharge some electrical energy
   and cause terrible harm.
   It affects your intelligence (+4).
   It insulates you from electricity.
   It lets you blink.
 F - a +2 antimagic great mace
 G - a +2 dire flail of draining
Missiles
 s - 16 tomahawks (quivered)
 P - 2 tomahawks of dispersal
Armour
 g - a +0 buckler (worn)
 z - a +0 pair of boots of running (worn)
 D - a +2 cloak (worn)
 E - a +2 chain mail of poison resistance (worn)
 R - +0 ice dragon scales
Jewellery
 h - an uncursed ring of protection from cold
 o - the ring of Amelioration (right hand) {rPois rC+ Str+4 Dex-4 Stlth+}
   (You found it on level 8 of the Dungeon)

   [ring of poison resistance]

   It affects your strength (+4).
   It affects your dexterity (-4).
   It protects you from cold.
   It protects you from poison.
   It makes you more stealthy.
 y - a ring of protection from magic (left hand)
 B - an uncursed ring of protection from magic
 L - an amulet of regeneration (around neck)
 N - a +2 amulet of reflection
 O - the macabre finger necklace {rN+}
   (You found it on level 11 of the Dungeon)

   [amulet of nothing]

   It protects you from negative energy.
 S - a +2 ring of dexterity
 T - an uncursed ring of flight
Wands
 a - a wand of random effects (18)
 p - a wand of paralysis (25)
 v - a wand of flame (14)
 w - a wand of iceblast (15)
Scrolls
 d - 3 scrolls of teleportation
 f - a scroll of blinking
 u - 6 scrolls of remove curse
 M - 2 scrolls of enchant weapon
Potions
 b - a potion of lignification
 e - 5 potions of heal wounds
 i - a potion of mutation {unknown}
 j - a potion of flight {unknown}
 l - 2 potions of brilliance {unknown}
 m - 8 potions of curing
 n - a potion of agility {unknown}
 q - 4 potions of might
 r - 2 potions of degeneration {unknown}
 t - a potion of ambrosia {unknown}
 x - 3 potions of haste
 H - 2 potions of cancellation
Miscellaneous
 I - a box of beasts
Comestibles
 c - 27 rations
 C - 7 chunks of flesh


   Skills:
 + Level 14.6 Fighting
 * Level 19.4 Maces & Flails
 - Level 2.4 Armour
 - Level 2.1 Dodging


You had 11 spell levels left.
You didn't know any spells.

Dungeon Overview and Level Annotations

Branches:
Dungeon (13/15)            Temple (1/1) D:7            Lair (0/6) D:9
    Orc (0/2) D:10
 Vaults: D:13-14

Altars:
Ashenzari
Cheibriados
Dithmenos
Elyvilon
Fedhas
Gozag
Hepliaklqana
Kikubaaqudgha
Makhleb
Nemelex Xobeh
Okawaru
Qazlal
Ru
Sif Muna
Trog
Uskayaw
Vehumet
Wu Jian
Xom
Yredelemnul
Zin
The Shining One
Beogh

Shops:
D:4 ?   D:8 (


Innate Abilities, Weirdness & Mutations

You reflexively headbutt those who attack you in melee.
You have a pair of horns on your head.


Message History

As you read the scroll of teleportation, it crumbles to dust.
You feel strangely unstable.
The centaur warrior shoots an arrow.
The arrow barely misses you.
The centaur warrior shoots an arrow.
The arrow hits you!
* * * LOW HITPOINT WARNING * * *
The barbs in your skin will harm you if you move.
Continue?
Okay, then.
The barbs in your skin will harm you if you move.
Continue? [Y]es or [N]o only, please.
The barbs in your skin will harm you if you move.
Continue? [Y]es or [N]o only, please.
The barbs in your skin will harm you if you move.
Continue?
Okay, then.
The centaur warrior shoots an arrow.
The arrow hits you.
* * * LOW HITPOINT WARNING * * *
The centaur warrior shoots an arrow.
The arrow hits you!
* * * LOW HITPOINT WARNING * * *
The sphinx casts a spell.
Something smites you!
You die...

..............(....###..
...............(....####
...................##
.......(...........#
.................##
#...........###### ###
####..(##### #.. #.(.#
### ##@## #)# #c#


.He ..( ...(. ..... ##..(## You could see a sphinx, a deep elf annihilator and a
centaur warrior.

Vanquished Creatures
  A stone giant (D:12)
  2 ice dragons (IceCv)
  4 two-headed ogres
  A centaur warrior (D:12)
  A tengu warrior (D:12)
  A glowing orange brain (shapeshifter) (D:12)
  Maurice (D:11)
  A manticore (D:12)
  2 ice statues (IceCv)
  A centaur skeleton (D:12)
  A komodo dragon (D:10)
  4 rime drakes
  A kobold demonologist (D:10)
  A queen bee (D:9)
  2 trolls (D:10)
  A hippogriff (D:10)
  10 yaks
  A wraith (D:11)
  A shadow (D:11)
  Grum (D:10)
  3 wyverns
  The ghost of
  1994 the Ruffian, an amateur DrTm (D:3)
  A hungry ghost (D:12)
  10 orc warriors
  3 water moccasins
  2 sky beasts
  18 ice beasts
  2 black bears
  2 eyes of draining
  4 wolves (D:10)
  4 ogres
  4 phantoms
  13 centaurs
  A crocodile (D:9)
  7 bullfrogs
  A gnoll sergeant (D:9)
  4 scorpions
  27 killer bees
  4 wights (D:6)
  3 howler monkeys
  5 crimson imps
  2 centaur zombies
  7 orc wizards
  2 jellies
  6 bullfrog skeletons
  2 quasits
  6 hounds
  14 orc priests
  5 iguanas
  12 worker ants
  3 hound zombies
  A howler monkey zombie (D:2)
  A worker ant zombie (D:9)
  16 adders
  14 gnolls
  2 howler monkey skeletons
  2 shadow imps
  An ooze (D:1)
  2 adder zombies
  6 worms
  5 dart slugs
  5 leopard geckos
  51 orcs
  6 bats
  4 giant cockroaches
  7 goblins
  8 hobgoblins
  14 jackals
  8 quokkas
  3 ball pythons
  7 frilled lizards
  A jackal zombie (D:7)
  6 kobolds
  A leopard gecko skeleton (D:4)
  A quokka skeleton (D:5)
  A quokka zombie (D:5)
  2 rats
391 creatures vanquished.

Notes
Turn   | Place    | Note
-------+----------+-------------------------------------------
     0 | D:1      | HammerPanzer the Minotaur Berserker began the quest for the Orb.
     0 | D:1      | Reached XP level 1. HP: 19/19 MP: 0/0
    57 | D:1      | Reached skill level 4 in Maces & Flails
    63 | D:1      | Reached XP level 2. HP: 26/27 MP: 1/1
   569 | D:2      | Reached XP level 3. HP: 21/33 MP: 2/2
   742 | D:2      | Reached skill level 5 in Maces & Flails
   986 | D:2      | Reached XP level 4. HP: 41/41 MP: 3/3
  1050 | D:2      | Reached ** piety under Trog
  1368 | D:2      | Reached skill level 6 in Maces & Flails
  1376 | D:2      | Reached XP level 5. HP: 25/47 MP: 4/4
  1599 | D:3      | Reached skill level 5 in Fighting
  1807 | D:3      | Found a faded altar of an unknown god.
  1869 | D:3      | Noticed 1994's ghost (amateur DrTm)
  1889 | D:3      | Killed 1994's ghost
  1889 | D:3      | Reached skill level 7 in Maces & Flails
  1889 | D:3      | Reached XP level 6. HP: 44/56 MP: 5/5
  2160 | D:3      | Found an iron altar of Okawaru.
  2165 | D:3      | Found a shadowy altar of Dithmenos.
  2167 | D:3      | Found a blossoming altar of Fedhas.
  2308 | D:4      | Reached *** piety under Trog
  2457 | D:4      | Reached skill level 8 in Maces & Flails
  2615 | D:4      | Reached XP level 7. HP: 42/64 MP: 6/6
  2836 | D:4      | Found Nafeid's Magic Scroll Emporium.
  3158 | D:4      | Reached skill level 9 in Maces & Flails
  3532 | D:4      | Got an ancient morningstar
  3533 | D:4      | Identified the +10 morningstar of Forced Transition {elec, +Blink rElec Int+4} (You found it on level 4 of the Dungeon)
  3593 | D:5      | Entered Level 5 of the Dungeon
  3695 | D:5      | Reached XP level 8. HP: 68/73 MP: 7/7
  3704 | D:5      | Reached **** piety under Trog
  3704 | D:5      | Reached skill level 10 in Maces & Flails
  4023 | D:5      | Found a bloodstained altar of Trog.
  4662 | D:6      | Reached skill level 11 in Maces & Flails
  5166 | D:6      | Reached XP level 9. HP: 82/82 MP: 8/8
  5235 | D:7      | Found a staircase to the Ecumenical Temple.
  5244 | Temple   | Entered the Ecumenical Temple
  5448 | D:7      | Reached skill level 12 in Maces & Flails
  5812 | D:7      | Reached skill level 13 in Maces & Flails
  5833 | D:7      | Found a deep blue altar of Sif Muna.
  5871 | D:7      | Reached ***** piety under Trog
  5875 | D:7      | Reached skill level 10 in Fighting
  6447 | D:8      | Got a crude golden ring
  6449 | D:8      | Identified the ring of Amelioration {rPois rC+ Str+4 Dex-4 Stlth+} (You found it on level 8 of the Dungeon)
  6535 | D:8      | Found a shattered altar of Ashenzari.
  6607 | D:8      | Reached XP level 10. HP: 94/94 MP: 9/9
  6659 | D:8      | Reached skill level 14 in Maces & Flails
  6690 | D:8      | Found Waass's Weapon Shoppe.
  7288 | D:9      | Found a roughly hewn altar of Beogh.
  7742 | D:9      | Received a gift from Trog
  7826 | D:9      | Found a staircase to the Lair.
  7855 | D:9      | Reached skill level 15 in Maces & Flails
  8230 | D:10     | Entered Level 10 of the Dungeon
  8329 | D:10     | Noticed a two-headed ogre
  8335 | D:10     | Killed a two-headed ogre
  8374 | D:10     | Reached XP level 11. HP: 104/104 MP: 10/10
  8380 | D:10     | Reached skill level 16 in Maces & Flails
  8509 | D:10     | Noticed a two-headed ogre
  8515 | D:10     | Killed a two-headed ogre
  8993 | D:10     | Noticed a two-headed ogre
  9000 | D:10     | Killed a two-headed ogre
  9302 | D:10     | Reached skill level 17 in Maces & Flails
  9476 | D:10     | Noticed Grum
  9484 | D:10     | Killed Grum
  9486 | D:10     | Reached ****** piety under Trog
  9740 | D:10     | Found a staircase to the Orcish Mines.
 10280 | D:11     | Noticed Maurice
 10290 | D:11     | Killed Maurice
 10403 | D:11     | Noticed a two-headed ogre
 10409 | D:11     | Killed a two-headed ogre
 10661 | D:11     | Found the macabre finger necklace {rN+}
 11016 | D:12     | Noticed a centaur warrior
 11026 | D:12     | Killed a centaur warrior
 11029 | D:12     | Reached XP level 12. HP: 91/115 MP: 11/11
 11295 | D:12     | Found a frozen archway.
 11298 | D:12     | Reached skill level 18 in Maces & Flails
 11306 | IceCv    | Entered an ice cave
 11459 | IceCv    | Received a gift from Trog
 11635 | IceCv    | Noticed an ice dragon
 11637 | IceCv    | Noticed an ice dragon
 11646 | IceCv    | Killed an ice dragon
 11652 | IceCv    | Killed an ice dragon
 12175 | D:12     | Reached skill level 19 in Maces & Flails
 12179 | D:12     | Received a gift from Trog
 12261 | D:12     | Identified a +0 pair of boots of running (You found it on level 12 of the Dungeon)
 12286 | D:12     | Noticed a stone giant
 12295 | D:12     | Killed a stone giant
 12431 | D:12     | Noticed a tengu warrior
 12431 | D:12     | Noticed a centaur warrior
 12438 | D:12     | Noticed a sphinx
 12440 | D:12     | Noticed a deep elf annihilator
 12446 | D:12     | Killed a tengu warrior
 12455 | D:12     | Killed from afar by a sphinx

Skill      XL: |  1  2  3  4  5  6  7  8  9 10 11 12 |
---------------+-------------------------------------+-----
Maces & Flails | 4 5 6 7 8 9 11 13 15 17 19 | 19.4
Fighting       | 4 5 6 7 8 10 12 13 14 | 14.6
Armour         | |  2.4
Dodging        | |  2.1

Action                   |  1- 3 |  4- 6 |  7- 9 | 10-12 || total
-------------------------+-------+-------+-------+-------++-------
Melee: Mace              |    65 |   150 |    53 |       ||   268
       Headbutt          |    13 |    30 |    29 |    58 ||   130
       Morningstar       |       |       |   171 |   424 ||   595
Throw: Tomahawk          |       |       |       |    15 ||    15
Invok: Berserk           |       |     1 |     3 |    10 ||    14
       Burn Spellbooks   |       |       |       |     1 ||     1
  Use: Scroll            |       |       |    10 |    11 ||    21
 Stab: Sleeping          |     1 |       |       |       ||     1
  Eat: Chunk             |       |     7 |    12 |    23 ||    42
       Ration            |       |       |     1 |     1 ||     2
Armor: Animal skin       |     7 |       |       |       ||     7
       Ring mail         |    14 |    48 |    28 |       ||    90
       Plate armour      |       |       |    84 |    47 ||   131
       Chain mail        |       |       |       |   143 ||   143
Dodge: Dodged            |    43 |    77 |    92 |   124 ||   336
Block: Buckler           |     8 |    15 |    25 |    32 ||    80
